Map: Neon Violet Square LE

Players

Infamous - Winner!

  • Race: Protoss Protoss
  • League: Silver
  • Spawn Location: 11:00

JPferzen

  • Race: Zerg Zerg
  • League: Gold
  • Spawn Location: 5:00

VOD

Have the link to the VOD?

Description

Time

  • Played on: April 10, 2018, 1:38 p.m.
  • Length: 10:35
Show
View Real Time Build Order
Export as new Build Order

Infamous Protoss - Winner!

Build Orders: Double Forge 

Get SALT Encoding   

  12  0:00  Probe  
  13  0:15  Pylon  
  13  0:19  Probe (Chrono Boost)  
  15  0:28  Probe (Chrono Boost)  
  15  0:37  Gateway  
  15  0:40  Probe  
  16  0:55  Probe  
  16  0:56  Pylon  
  17  1:00  Assimilator  
  17  1:07  Probe  
  18  1:15  Gateway  
  18  1:19  Probe  
  19  1:31  Probe  
  20  1:34  Assimilator  
  20  1:45  Cybernetics Core, Zealot (Chrono Boost)  
  22  1:51  Probe  
  23  2:06  Probe  
  23  2:18  Probe  
  24  2:24  Pylon  
  24  2:30  Probe  
  24  2:33  Pylon  
  24  2:34  Stalker (Chrono Boost)  
  29  2:38  Warp Gate  
  29  2:43  Stalker (Chrono Boost)  
  29  2:46  Probe  
  30  2:55  Stargate  
  30  3:03  Sentry (Chrono Boost)  
  30  3:04  Probe  
  33  3:17  Probe  
  34  3:27  Twilight Council  
  34  3:46  Stalker x2  
  38  3:49  Pylon  
  38  3:55  Probe  
  39  4:08  Probe  
  39  4:09  Nexus  
  40  4:11  Oracle (Chrono Boost)  
  43  4:29  Probe  
  44  4:32  Gateway  
  44  4:42  Probe  
  45  4:57  Forge  
  45  4:58  Forge  
  45  5:02  Probe  
  46  5:14  Probe  
  46  5:21  Oracle  
  50  5:26  Sentry  
  50  5:27  Zealot  
  54  5:29  Probe x2  
  56  5:41  Probe x2  
  58  5:45  Gateway  
  58  5:46  Gateway  
  58  5:50  Pylon  
  58  5:57  Probe x2  
  60  5:59  Protoss Ground Weapons Level 1 (Chrono Boost)  
  60  6:08  Oracle  
  63  6:12  Assimilator  
  63  6:13  Probe x2, Gateway  
  63  6:17  Assimilator  
  65  6:21  Pylon, Stalker  
  67  6:50  Probe x2, Oracle  
  72  6:54  Zealot x3  
  72  6:56  Protoss Ground Armor Level 1 (Chrono Boost)  
  75  7:11  Probe (Chrono Boost)  
  75  7:12  Robotics Facility  
  75  7:15  Probe (Chrono Boost)  
  77  7:25  Pylon  
  77  7:31  Pylon  
  77  7:35  Pylon  
  77  7:38  Oracle  
  74  7:53  Stalker x2  
  74  7:54  Zealot x3  
  74  7:55  Charge (Chrono Boost), Zealot  
  74  7:56  Protoss Ground Weapons Level 2 (Chrono Boost)  
  86  8:00  Probe x2  
  88  8:15  Oracle  
  86  8:49  Stalker x5  
  86  8:50  Stalker  
  86  8:54  Probe x2  
  97  8:57  Void Ray  
  101  9:06  Probe  
  102  9:12  Photon Cannon  
  102  9:14  Photon Cannon  
  102  9:16  Shield Battery  
  102  9:19  Photon Cannon  
  102  9:21  Shield Battery  
  99  9:43  Zealot  
  101  9:56  Nexus  
  101  9:57  Probe, Pylon  
  102  10:16  Probe  
  97  10:24  Zealot x3  
  97  10:25  Zealot x2  
Show
View Real Time Build Order
Export as new Build Order

JPferzen Zerg 

Build Orders: Pool First 

Get SALT Encoding   

  12  0:03  Drone  
  13  0:18  Drone  
  14  0:32  Spawning Pool  
  13  0:38  Extractor  
  13  0:39  Drone x2  
  14  1:13  Overlord  
  14  1:15  Hatchery  
  13  1:29  Zergling x2  
  13  1:31  Queen  
  16  1:48  Zergling x4  
  18  2:19  Zergling x6  
  21  2:33  Extractor  
  21  2:35  Drone x2  
  22  2:53  Drone x4  
  26  3:02  Drone  
  26  3:23  Metabolic Boost  
  26  3:27  Drone  
  26  3:30  Overlord x2  
  27  3:46  Hatchery  
  27  3:48  Extractor  
  25  3:50  Drone  
  25  3:51  Drone x5  
  31  3:59  Extractor  
  30  4:08  Roach Warren  
  29  4:21  Drone  
  30  4:35  Queen  
  32  4:39  Overlord x2  
  32  4:52  Zergling x6  
  34  4:53  Zergling x2  
  34  4:55  Roach  
  37  5:05  Evolution Chamber  
  36  5:12  Lair  
  31  5:33  Spore Crawler  
  30  5:39  Queen  
  32  5:44  Roach x2  
  36  6:00  Queen  
  38  6:07  Drone x2  
  40  6:14  Glial Reconstitution  
  40  6:29  Spore Crawler  
  37  6:56  Drone x3  
  37  6:57  Drone x3  
  43  7:07  Zerg Missile Weapons Level 1  
  43  7:08  Hydralisk Den  
  42  7:30  Drone x7  
  49  7:52  Spore Crawler  
  49  7:57  Spore Crawler  
  47  8:03  Spore Crawler  
  46  8:07  Extractor  
  46  8:09  Extractor  
  44  8:17  Nydus Network  
  43  8:29  Grooved Spines  
  40  9:01  Spore Crawler  
  39  9:05  Overseer  
  39  9:07  Overlord x3  
  39  9:09  Drone  
  41  9:10  Drone x3  
  41  9:15  Drone x3  
  46  9:17  Drone x4  
  46  9:18  Drone x3  
  46  9:21  Overlord  
  46  9:23  Hydralisk x2  
  57  9:45  Hydralisk x3  
  57  9:46  Hydralisk  
  57  9:52  Queen  
Tags
 
Add a new tag
Caveats
  • Supply blocks, unpowered buildings, or Contaminate may cause inaccurate times.
  • Supply counts are checked every 10 seconds.